 Dungeon Crawl Stone Soup version 0.32-a0-909-gc671339a80 (webtiles) character file.

Game seed: 5458184632673181184

94 Shayle the Apothecary (level 4, -2/33 HPs)
             Began as a Coglin Alchemist on Apr 6, 2024.
             Slain by an iguana (13 damage)
             ... on level 2 of the Dungeon.
             The game lasted 00:04:59 (1368 turns).

Shayle the Apothecary (Coglin Alchemist)            Turns: 1368, Time: 00:04:59

Health: -2/33      AC:  3    Str:  9    XL:     4   Next: 63%
Magic:  7/7        EV: 11    Int: 16    God:
Gold:   55         SH:  0    Dex: 14    Spells: 6/7 levels left

rFire   . . .        e - +0 spear {Gurmehar}
rCold   . . .        l - +0 flail {Seojun}
rNeg    . . .        a - +0 robe
rPois   .            (no helmet)
rElec   .            i - +0 cloak
rCorr   .            (no gloves)
SInv    .            (no boots)
Will    .....        (amulet unavailable)
Stlth   ++           (ring unavailable)
HPRegen 0.25/turn    (ring unavailable)
MPRegen 0.10/turn    (no gizmo)

%: no passive effects
@: revved
A: off-hand wielding, slow wielding, warmup strikes, no jewellery
a: Invent Gizmo


You were on level 2 of the Dungeon.
You visited 1 branch of the dungeon, and saw 2 of its levels.

You collected 55 gold pieces.

Inventory:

Hand Weapons
 e - a +0 spear (weapon) {Gurmehar}
 l - a +0 flail (offhand) {Seojun}
Armour
 a - a +0 robe (worn)
 i - a +0 cloak (worn)
 j - a +0 chain mail
Scrolls
 d - a scroll of vulnerability {unknown}
 f - a scroll of immolation {unknown}
 g - a scroll of amnesia {unknown}
 h - a scroll of revelation
 n - a scroll of poison
 o - a scroll of identify {unknown}
Potions
 b - a potion of magic
 c - 2 potions of curing
 k - a potion of heal wounds {unknown}
 m - a potion of lignification {unknown}


   Skills:
 + Level 2.2 Fighting
 + Level 2.1 Long Blades
 + Level 2.0 Dodging
 - Level 1.5 Stealth
 - Level 2.4 Spellcasting
 - Level 0.8 Conjurations
 - Level 3.2 Alchemy


You had 6 spell levels left.
You knew the following spells:

 Your Spells              Type           Power      Damage    Failure   Level
a - Sting                 Conj/Alch      32%        1d5       9%          1

Your spell library contained the following spells:

 Spells                   Type           Power      Damage    Failure   Level
 Mercury Vapours          Alch/Air       14%        N/A       16%         2
 Mephitic Cloud           Conj/Alch/Air  6%         N/A       34%         3
 Olgreb's Toxic Radiance  Alch           12%        N/A       45%         4
 Frozen Ramparts          Ice            2%         1d1       52%         3
 Ozocubu's Armour         Ice            1%         N/A       52%         3
 Sticky Flame             Fire/Alch      7%         2d4       69%         4
 Metabolic Englaciation   Hex/Ice        0%         N/A       99%         5


Dungeon Overview and Level Annotations

Branches:
Dungeon (2/15)

Altars:


Innate Abilities, Weirdness & Mutations

You can wield a second weapon in your off-hand.
It takes a long time for you to wield or remove held weapons.
Your first few attacks do less damage.
You cannot equip rings or amulets.


Message History

You hit the iguana but do no damage.
The rat squeaks loudly.
The iguana bites you.
You hit the iguana but do no damage.
The iguana is moderately wounded.
You barely miss the iguana with your +0 flail.
The iguana closely misses you.
You hit the iguana but do no damage.
The iguana is moderately wounded.
You hit the iguana with your +0 flail. The iguana closely misses you.
The rat misses you. The iguana bites you!
You barely miss the iguana with your +0 flail.
The iguana is moderately wounded.
You barely miss the iguana with your +0 spear.
The rat bites you but does no damage. The iguana closely misses you.
You sock the iguana with your +0 flail!
The iguana is severely wounded.
You hit the iguana but do no damage. The rat barely misses you.
The iguana bites you.
You hit the iguana but do no damage.
The iguana is severely wounded.
You closely miss the iguana with your +0 flail.
The iguana misses you. The rat barely misses you.
You closely miss the iguana with your +0 flail.
The iguana is severely wounded.
You hit the iguana with your +0 spear. The rat bites you but does no damage.
The iguana closely misses you. The rat barely misses you. The iguana bites you!
You barely miss the iguana with your +0 flail.
The iguana is almost dead.
You hit the iguana with your +0 spear. The rat closely misses you.
The iguana closely misses you.
Unknown command.
You hit the iguana but do no damage.
The iguana is almost dead.
You barely miss the iguana with your +0 spear.
The iguana closely misses you. The rat completely misses you.
You hit the iguana but do no damage.
The iguana is almost dead.
You hit the iguana with your +0 spear. The rat bites you. The iguana bites you!
You die...

...).................,**,*#.#
........#######.#####***,**,*
...####....###..**######,**,*
...# #....##..###......,,*,*****
...## #....##..........#,,*,,,,,,
....###....##..........#,,*******
.....##....#...........#,,**,,,,,
.........#......ß......#,,**,****
###......#.##...@......#,,**,****
* #........###ßrßl..ß###,,,,,,,,,
**#...#..>##*#(.._......,***,****
..............ß.ß.ß...##,* *,*
......................#*****,*
................ß.ß.....,,,,,**
........................,,,,,,*
.,,,,,,,,............###*****,*
.,,,,,,,,,,,,,,,,,,,,* *,,,,,*


You could see an iguana and a rat.

Vanquished Creatures
  An orc wizard (D:2)
  2 adders (D:2)
  A dart slug (D:1)
  2 ribbon worms (D:2)
  2 orcs (D:2)
  2 endoplasms (D:2)
  2 giant cockroaches
  6 goblins
  4 hobgoblins
  2 jackals (D:1)
  2 quokkas
  6 ball pythons (D:1)
  3 bats
  3 frilled lizards
  3 kobolds
  3 rats
44 creatures vanquished.

Notes
Turn   | Place    | Note
-------+----------+-------------------------------------------
     0 | D:1      | Shayle the Coglin Alchemist began the quest for the Orb.
     0 | D:1      | Reached XP level 1. HP: 13/13 MP: 3/3
   111 | D:1      | Reached XP level 2. HP: 20/20 MP: 0/5
   409 | D:1      | Reached skill level 1 in Fighting
   443 | D:1      | Reached skill level 1 in Long Blades
   625 | D:1      | Reached XP level 3. HP: 21/26 MP: 3/6
  1156 | D:2      | Reached XP level 4. HP: 30/33 MP: 7/7
  1351 | D:2      | Found a faded altar of an unknown god.
  1368 | D:2      | Slain by an iguana

Illustrated notes

Levels and vault maps discovered:
D:1:      roderic_crop_circles_arrival_large, layout_rooms
D:2:      layout_basic, ebering_ecumenical_altar_ruins

Skill      XL: |  1  2  3  4 |
---------------+-------------+-----
Spellcasting   | 2 |  2.4
Fighting       | 1 2 |  2.2
Long Blades    | 1 2 |  2.1
Dodging        | 2 |  2.0
Stealth        | |  1.5
Conjurations   | |  0.8
Alchemy        | |  3.2

Action                     |  1- 3 |  4- 6 || total
---------------------------+-------+-------++-------
  Melee: Unarmed           |     4 |       ||     4
         Spear             |    51 |    32 ||    83
         Flail             |    28 |    31 ||    59
   Cast: Sting             |    30 |       ||    30
    Use: Scroll            |     2 |       ||     2
         Potion            |       |     1 ||     1
   Stab: Sleeping          |     2 |       ||     2
 Armour: Robe              |    35 |    25 ||    60
  Dodge: Dodged            |    53 |    28 ||    81

Table legend: (Time is in decaauts)
 A = Elapsed time spent in this place.
 B = Non-inter-level travel time spent in this place.
 C = Inter-level travel time spent in this place.
 D = Time resting spent in this place.
 E = Time spent auto-exploring this place.
 F = Levels seen in this place.
 G = Mean time per level.
                   A        B        C        D        E       F      G
               +--------+--------+--------+--------+--------+-----+--------+
         Total |   1386 |   1357 |     29 |    164 |    637 |   2 |  693.0 |
       Dungeon |   1386 |   1357 |     29 |    164 |    637 |   2 |  693.0 |
               +--------+--------+--------+--------+--------+-----+--------+

Top non-repeatable levels by time:
     D:1: 698 daAuts
     D:2: 688 daAuts
